 Dungeon Crawl Stone Soup version 0.31-a0-1204-ge2c1a860ed (webtiles) character file.

Game seed: 2738336124265060796

1213959 bmb222 the Conqueror (level 27, -6/157 (218) HPs)
             Began as a Minotaur Wanderer on Dec 12, 2023.
             Was the Champion of the Shining One.
             Killed from afar by a hellion (25 damage)
             ... with damnation
             ... on level 3 of Gehenna on Dec 13, 2023.
             The game lasted 03:36:54 (104178 turns).

bmb222 the Conqueror (Minotaur Wanderer)          Turns: 104178, Time: 03:36:55

HP:   -6/157 (218)  AC: 45    Str: 33    XL:     27
MP:   30/43         EV: 25    Int:  4    God:    the Shining One [******]
Gold: 9961          SH: 40    Dex: 15    Spells: 46/52 levels left

rFire   + + .        j - +8 trishula "Condemnation" {holy, anguish, *Noise Fly rN+}
rCold   + + +        M - +10 tower shield of Ignorance {rN+ Int-4}
rNeg    + + +        K - +9 gold dragon scales
rPois   +            L - +2 hat
rElec   +            a - scarf "Kiothraa" {shadows, Harm rElec Will+ Str+2}
rCorr   .            Z - +0 pair of gloves {infuse}
SInv    +            B - +1 pair of boots {rampage}
Will    +++++        Y - amulet "Suhu" {Reflect rF- rC+++ Will++ Str+2 SH+5} Stlth
                     g - ring of Semnay {rElec rF+ EV+5}
HPRegen 0.46/turn    z - ring "Ystros" {^Drain rF+ Dex+8 SInv}
MPRegen 0.28/turn

%: random rage (3%), harm (+30% outgoing, +20% incoming), reflection, rampage,
infuse magic (1 MP)
@: flying, glowing, studying Short Blades, very heavily drained, unable to read
A: horns 2, retaliatory headbutt, iridescent scales 1, berserk 1, clumsy 2,
frail 2, high MP 1, weak 1, subdued magic 2, MP-powered wands, persistent drain
}: 13/15 runes: barnacled, slimy, silver, iron, icy, bone, abyssal, demonic,
glowing, magical, fiery, dark, gossamer
a: Renounce Religion, Divine Shield, Cleansing Flame, Summon Divine Warrior


You were on level 3 of Gehenna.
You worshipped the Shining One.
The Shining One was exalted by your worship.
You visited 17 branches of the dungeon, and saw 76 of its levels.
You visited Pandemonium 1 time, and saw 23 of its levels.
You visited the Abyss 2 times.
You also visited: Sewer and Ice Cave.

You collected 12589 gold pieces.
You spent 2628 gold pieces at shops.

Inventory:

Hand Weapons
 j - the +8 trishula "Condemnation" (weapon) {holy, anguish, *Noise Fly rN+}
   (You found it on level 7 of the Iron City of Dis)

   rN+:       It protects you from negative energy.
   Fly:       It grants you flight.
   *Noise:    It may make a loud noise when swung.
 u - the +6 sword of Cerebov {flame}
   (You took it off Cerebov in Pandemonium)

   The Shining One disapproves of the use of such an item.
 J - a +9 eveningstar of holy wrath
 Q - a +7 eveningstar of freezing
Missiles
 c - 51 boomerangs (quivered)
Armour
 a - the scarf "Kiothraa" (worn) {shadows, Harm rElec Will+ Str+2}
   (You acquired it on level 2 of the Vaults)

   Str+2:     It affects your strength (+2).
   rElec:     It insulates you from electricity.
   Will+:     It increases your willpower.
   Harm:      It increases damage dealt and taken.
 d - a +2 cloak of cold resistance
 h - the +9 crystal plate armour "Ucheckusm" {Dex+2 SInv Stlth+}
   (You acquired it on level 10 of the Dungeon)

   Dex+2:     It affects your dexterity (+2).
   SInv:      It lets you see invisible.
   Stlth+:    It makes you more stealthy.
 B - a +1 pair of boots of rampaging (worn)
 K - +9 gold dragon scales (worn)
 L - a +2 hat (worn)
 M - the +10 tower shield of Ignorance (worn) {rN+ Int-4}
   (You bought it in a shop on level 2 of the Orcish Mines)

   Int-4:     It affects your intelligence (-4).
   rN+:       It protects you from negative energy.
 U - the orb of Dispater {+Damnation *Corrode AC+5}
   (You took it off Dispater on level 7 of the Iron City of Dis)

   +Damnation: It grants the ability to hurl damnation at the cost of health and
   magic, with strength depending on Evocations skill.
   AC+5:      It affects your AC (+5).
   *Corrode:  It may corrode you when you take damage.
   The Shining One disapproves of the use of such an item.
 X - the +6 shadow dragon scales of Complete Protection {Will+ rCorr Stlth++++}
   (You took it off an efreet in Pandemonium)

   Will+:     It increases your willpower.
   rCorr:     It protects you from acid and corrosion.
   Stlth++++: It makes you much more stealthy.
 Z - a +0 pair of gloves of infusion (worn)
Jewellery
 e - an amulet of magic regeneration
 g - the ring of Semnay (left hand) {rElec rF+ EV+5}
   (You found it on level 4 of the Vaults)

   [ring of evasion]

   EV+5:      It affects your evasion (+5).
   rF+:       It protects you from fire.
   rElec:     It insulates you from electricity.
 n - the ring of the Briny Deep {rN+ Will++ Str+4 Int+2 SInv}
   (You took it off a demonspawn black sun in Pandemonium)

   [ring of see invisible]

   Str+4:     It affects your strength (+4).
   Int+2:     It affects your intelligence (+2).
   rN+:       It protects you from negative energy.
   Will++:    It greatly increases your willpower.
   SInv:      It lets you see invisible.
 q - the ring "Qulokili" {rPois rC+ Dex-2 Slay+4}
   (You found it on level 5 of the Pits of Slime)

   [ring of protection from cold]

   Dex-2:     It affects your dexterity (-2).
   Slay+4:    It affects your accuracy & damage with ranged weapons and melee
   (+4).
   rC+:       It protects you from cold.
   rPois:     It protects you from poison
 y - the amulet of Knowledge {Reflect rN+ SH+5}
   (You acquired it in Pandemonium)

   [amulet of reflection]

   Reflect:   It reflects blocked missile attacks.
   rN+:       It protects you from negative energy.
   SH+5:      It affects your SH (+5).
 z - the ring "Ystros" (right hand) {^Drain rF+ Dex+8 SInv}
   (You found it in Pandemonium)

   [ring of protection from fire]

   Dex+8:     It affects your dexterity (+8).
   rF+:       It protects you from fire.
   SInv:      It lets you see invisible.
   ^Drain:    It drains your maximum health when unequipped.
 N - a ring of magical power
 T - an amulet of regeneration
 V - the amulet "Avvarep" {Faith Int+2}
   (You found it on level 7 of Tartarus)

   [amulet of faith]

   Faith:     It allows you to gain divine favour quickly.
   Int+2:     It affects your intelligence (+2).
 Y - the amulet "Suhu" (around neck) {Reflect rF- rC+++ Will++ Str+2 SH+5}
   (You found it on level 7 of the Iron City of Dis)

   [amulet of reflection]

   Reflect:   It reflects blocked missile attacks.
   Str+2:     It affects your strength (+2).
   rF-:       It makes you vulnerable to fire.
   rC+++:     It renders you almost immune to cold.
   Will++:    It greatly increases your willpower.
   SH+5:      It affects your SH (+5).
Talismans
 E - a dragon-blood talisman
Wands
 C - a wand of flame (134)
 F - a wand of digging (22)
 O - a wand of polymorph (48)
 P - a wand of charming (88)
 R - a wand of mindburst (136)
 S - a wand of iceblast (39)
 W - a wand of light (58)
Scrolls
 f - 16 scrolls of teleportation
 i - 14 scrolls of fear
 o - 5 scrolls of summoning
 v - a scroll of brand weapon
 w - 7 scrolls of blinking
 x - 4 scrolls of revelation
 I - 17 scrolls of fog
Potions
 b - a potion of resistance
 k - 9 potions of ambrosia
 l - 29 potions of curing
 m - 7 potions of berserk rage
 p - 2 potions of heal wounds
 r - 9 potions of attraction
 s - 4 potions of enlightenment
 t - 9 potions of brilliance
 A - a potion of magic
 D - 7 potions of cancellation
 G - 6 potions of might
 H - 18 potions of lignification


   Skills:
 O Level 27 Fighting
 - Level 17.0 Maces & Flails
 * Level 24.7 Polearms
 - Level 11.4 Throwing
 O Level 27 Armour
 O Level 27 Dodging
 - Level 0.2 Stealth
 O Level 27 Shields
 - Level 1.5 Unarmed Combat
 - Level 13.3 Spellcasting
 - Level 0.1 Summonings
 - Level 14.3 Translocations
 - Level 0.1 Earth Magic
 O Level 27 Invocations
 - Level 0.5 Evocations
 - Level 11.8 Shapeshifting


You had 46 spell levels left.
You knew the following spells:

 Your Spells              Type           Power      Damage    Failure   Level
a - Manifold Assault      Tloc           8%         N/A       1%          4
b - Blink                 Tloc           16%        N/A       1%          2

Your spell library contained the following spells:

 Spells                   Type           Power      Damage    Failure   Level
 Apportation              Tloc           16%        N/A       1%          1
 Lesser Beckoning         Tloc           16%        N/A       1%          2
 Gell's Gravitas          Tloc           8%         N/A       1%          3
 Teleport Other           Tloc           8%         N/A       1%          3
 Passage of Golubria      Tloc           8%         N/A       1%          4
 Momentum Strike          Conj/Tloc      10%        3d8       3%          2
 Volatile Blastmotes      Fire/Tloc      10%        2d10      7%          3
 Dimensional Bullseye     Hex/Tloc       2%         N/A       26%         4
 Iskenderun's Mystic Bla  Conj/Tloc      5%         2d3       26%         4
 Vhi's Electric Charge    Tloc/Air       10%        N/A       26%         4
 Foxfire                  Conj/Fire      4%         2x1d4     45%         1
 Freeze                   Ice            4%         1d3       45%         1
 Kiss of Death            Conj/Necr      4%         2d5       45%         1
 Magic Dart               Conj           4%         1d3       45%         1
 Necrotise                Necr           4%         1d4       45%         1
 Sandblast                Erth           2%         2d4       45%         1
 Shock                    Conj/Air       4%         1d3       45%         1
 Slow                     Hex            4%         N/A       45%         1
 Summon Small Mammal      Summ           4%         N/A       45%         1
 Call Imp                 Summ           2%         N/A       58%         2
 Summon Forest            Summ/Tloc      2%         N/A       58%         5
 Cigotuvi's Dreadful Rot  Necr/Pois/Air  2%         N/A       61%         2
 Ensorcelled Hibernation  Hex/Ice        2%         N/A       61%         2
 Jinxbite                 Hex            2%         N/A       61%         2
 Passwall                 Tmut/Erth      0%         N/A       61%         2
 Poisonous Vapours        Pois/Air       2%         N/A       61%         2
 Scorch                   Fire           2%         2d5       61%         2
 Searing Ray              Conj           2%         2d4       61%         2
 Static Discharge         Conj/Air       2%         3-4/arc   61%         2
 Sublimation of Blood     Necr           1%         N/A       61%         2
 Wereblood                Tmut           1%         N/A       61%         2
 Call Canine Familiar     Summ           1%         N/A       83%         3
 Confusing Touch          Hex            1%         N/A       85%         3
 Dazzling Flash           Conj/Hex       2%         N/A       85%         3
 Frozen Ramparts          Ice            2%         1d1       85%         3
 Hailstorm                Conj/Ice       1%         3d5       85%         3
 Ignite Poison            Fire/Tmut/Pois 1%         N/A       85%         3
 Inner Flame              Hex/Fire       1%         N/A       85%         3
 Mephitic Cloud           Conj/Pois/Air  1%         N/A       85%         3
 Ozocubu's Armour         Ice            1%         N/A       85%         3
 Sigil of Binding         Hex            1%         N/A       85%         3
 Stone Arrow              Conj/Erth      2%         3d7       85%         3
 Summon Guardian Golem    Hex/Summ       1%         N/A       85%         3
 Swiftness                Air            1%         N/A       85%         3
 Tukima's Dance           Hex            1%         N/A       85%         3
 Vampiric Draining        Necr           1%         2d6       85%         3
 Airstrike                Air            0%         2d(1-17)  99%         4
 Anguish                  Hex/Necr       0%         N/A       99%         4
 Animate Armour           Summ/Erth      2%         N/A       99%         4
 Brom's Barrelling Bould  Conj/Erth      1%         2d3       99%         4
 Cause Fear               Hex            0%         N/A       99%         4
 Dispel Undead            Necr           1%         3d6       99%         4
 Flame Wave               Conj/Fire      1%         2d4       99%         4
 Fulminant Prism          Conj/Hex       0%         3d5       99%         4
 Leda's Liquefaction      Hex/Erth       0%         N/A       99%         4
 Olgreb's Toxic Radiance  Pois           1%         N/A       99%         4
 Petrify                  Tmut/Erth      1%         N/A       99%         4
 Sticky Flame             Conj/Fire      1%         2d3       99%         4
 Summon Lightning Spire   Summ/Air       1%         N/A       99%         4
 Agony                    Necr           1%         N/A       100%        5
 Alistair's Intoxication  Tmut/Pois      0%         N/A       100%        5
 Arcjolt                  Conj/Air       0%         1d10      100%        5
 Fireball                 Conj/Fire      0%         3d3       100%        5
 Freezing Cloud           Conj/Ice/Air   0%         6-21      100%        5
 Irradiate                Conj/Tmut      0%         3d11      100%        5
 Iskenderun's Battlesphe  Conj           1%         2d6       100%        5
 Lee's Rapid Deconstruct  Erth           0%         3d4*      100%        5
 Metabolic Englaciation   Hex/Ice        0%         N/A       100%        5
 Silence                  Hex/Air        0%         N/A       100%        5
 Summon Mana Viper        Hex/Summ       1%         N/A       100%        5
 Yara's Violent Unravell  Hex/Tmut       0%         3d3       100%        5
 Bombard                  Conj/Erth      0%         9d1       100%        6
 Conjure Ball Lightning   Conj/Air       0%         3x3d6     100%        6
 Plasma Beam              Fire/Air       0%         2x1d10    100%        6
 Simulacrum               Ice/Necr       0%         N/A       100%        6
 Starburst                Conj/Fire      0%         6d3       100%        6
 Summon Cactus Giant      Summ           0%         N/A       100%        6
 Enfeeble                 Hex            0%         N/A       100%        7
 Haunt                    Necr/Summ      0%         N/A       100%        7
 Orb of Destruction       Conj           0%         9d5       100%        7
 Ozocubu's Refrigeration  Ice            0%         4d7       100%        7
 Spellforged Servitor     Conj/Summ      0%         N/A       100%        7
 Summon Hydra             Summ           0%         N/A       100%        7
 Borgnjor's Revivificati  Necr           0%         N/A       100%        8
 Discord                  Hex            0%         N/A       100%        8
 Disjunction              Tloc           4%         N/A       100%        8
 Ignition                 Fire           0%         3d3       100%        8
 Lehudib's Crystal Spear  Conj/Erth      0%         10d2      100%        8
 Maxwell's Capacitive Co  Air            0%         ∞         100%        8
 Chain Lightning          Conj/Air       0%         2d1       100%        9
 Dragon's Call            Summ           0%         N/A       100%        9
 Fire Storm               Conj/Fire      0%         6d1       100%        9
 Shatter                  Erth           0%         3d5*      100%        9


Dungeon Overview and Level Annotations

Branches:
Dungeon (15/15)            Temple (1/1) D:7            Lair (5/5) D:10
 Shoals (4/4) Lair:3       Spider (4/4) Lair:3        Slime (5/5) Lair:4
    Orc (2/2) D:10            Elf (3/3) Orc:2        Vaults (5/5) D:14
  Crypt (3/3) Vaults:3       Tomb (1/3) Crypt:3      Depths (4/4) D:15
   Hell (visited)             Dis (7/7) Hell            Geh (3/7) Hell
    Coc (7/7) Hell            Tar (7/7) Hell            Zot (0/5) Depths:4
  Sewer (visited)           IceCv (visited)

Altars:
Ashenzari
Cheibriados
Dithmenos
Elyvilon
Fedhas
Gozag
Hepliaklqana
Kikubaaqudgha
Makhleb
Nemelex Xobeh
Okawaru
Qazlal
Ru
Sif Muna
Trog
Uskayaw
Vehumet
Wu Jian
Xom
Yredelemnul
Zin
The Shining One

Shops:
D:5 *   D:10 [   Orc:2 ?([=[   Vaults:1 *   Vaults:2 :[   Vaults:5 (
Depths:3 ?

Portals:
Hell: Depths:1 Depths:2 Depths:3 Depths:4
Abyss: Depths:2 Depths:3
Pandemonium: Depths:2 Depths:3
Ziggurat: Depths:3
Trove: Vaults:1 (give +6 ice dragon scales)

Annotations:
Lair:3 2 transporters


Innate Abilities, Weirdness & Mutations

You have a pair of horns on your head.
You reflexively headbutt those who attack you in melee.
You are partially covered in iridescent scales. (AC +2)
You sometimes lose your temper in combat.
You are very clumsy. (Dex -4)
You are very frail. (-20% HP)
You have an increased reservoir of magic. (+10% MP)
You are weak. (Str -2)
Your spells are easier to cast, but less powerful.
You expend magic power (3 MP) to strengthen your wands.
Your health recovers twice as slowly from being drained.


Message History

You puncture the searing wretch!
The searing wretch convulses!!
You destroy the searing wretch!
The Shining One accepts your kill.
A hellion comes into view. x2
There are monsters nearby!
You reach to attack!
You perforate the hellion like a sieve!!!
You kill the hellion!
The Shining One accepts your kill.
There are monsters nearby!
You reach to attack!
You spit the hellion like a pig!!!
You kill the hellion!
The Shining One accepts your kill.
A hell beast comes into view.
The hellion gestures at you.
The sphere of damnation explodes!
The damnation engulfs you!!!
You hear a loud, deep croak!
You hear a shout!
You hear a hideous shriek!
You hear an angry squeal.
You hear a shout!
A salamander tyrant comes into view.
The hellion gestures at you.
The sphere of damnation explodes!
The damnation engulfs you!!
You are too injured to fight recklessly!
There are monsters nearby!
You are too injured to fight recklessly!
Unknown command.
You are too injured to fight recklessly!
Unknown command.
You are momentarily dazzled by a brilliant light.
You rampage towards the hell beast!
A Brimstone Fiend comes into view.
The Brimstone Fiend roars!
You hear an angry squeal.
You block the hell beast's attack. The hell beast completely misses you.
The Brimstone Fiend gestures at you.
The sphere of damnation explodes!
The damnation engulfs the hell beast!!
The damnation engulfs you!!!
* * * LOW HITPOINT WARNING * * *
The damnation engulfs your angel!!! The hellion gestures at you.
The sphere of damnation explodes!
The damnation engulfs you!!
You die...

.. ... .... 1#
## #..N.
...##. #.....
#...###2.....
#2@........
##.A........
#..∩........
#...........
#.........#.#.
...........#.#
.##.#..##.## #
#.##.# ## #
###


You could see a Brimstone Fiend (ally target), a hell beast, a hellion and a
friendly angel (summoned).

Vanquished Creatures
  Cerebov (Pan)
  the Royal Jelly (Slime:5)
  Ereshkigal (Tar:7)
  Gloorx Vloq (Pan)
  Ignacio (Pan)
  Mnoleg (Pan)
  Lom Lobon (Pan)
  the Serpent of Hell (Tar:7)
  Dispater (Dis:7)
  3 dread liches
  5 ancient liches
  Mara (Depths:1)
  6 juggernauts
  2 royal mummies (Tomb:1)
  12 shard shrikes
  Saint Roka (Orc:2)
  Geryon (Hell)
  18 caustic shrikes
  3 golden dragons
  7 profane servitors
  Norris (Vaults:3)
  15 pandemonium lords (Pan)
  36 bone dragons
  2 spectral shard shrikes
  33 Tzitzimimeh
  12 Brimstone Fiends (Pan)
  24 doom hounds
  Rupert (D:14)
  Jorgrun (Shoals:3)
  2 hellephants
  Zenata (Crypt:2)
  5 iron giants
  8 tentacled monstrosities
  Grunn (Depths:4)
  5 liches
  17 Ice Fiends
  18 Hell Sentinels
  10 searing wretches
  A shard shrike skeleton (Crypt:1)
  3 deep elf blademasters
  16 acid blobs
  16 tainted leviathans
  Asterion (Spider:3)
  2 deep elf master archers (Elf:3)
  2 quicksilver dragons (Vaults:5)
  The ghost of Foashama the Severer, an adept DsWr of Gozag (Elf:3)
  34 Executioners (Pan)
  10 sphinxes
  12 titans
  A kraken (Shoals:3)
  Murray (Hell)
  34 ancient champions
  Gastronok (Lair:2)
  Polyphemus (Shoals:3)
  A walking frostbound tome (D:15)
  2 tentacled starspawn (Abyss:2)
  6 storm dragons
  Aizul (Shoals:1)
  4 tengu reavers
  11 fire giants
  7 revenants
  Kirke (Lair:3)
  Donald (Spider:1)
  17 azure jellies
  6 shadow dragons
  A draconian monk (Depths:4)
  22 demonspawn warmongers (Pan)
  Ilsuiw (Shoals:3)
  4 deep elf sorcerers
  A draconian knight (Depths:4)
  13 frost giants
  8 emperor scorpions
  15 quicksilver elementals
  7 rockslimes (Slime:5)
  31 narguns
  A caustic shrike zombie (Depths:1)
  8 ghost moths
  2 spectral juggernauts
  A draconian scorcher (Depths:4)
  50 reapers
  5 curse skulls
  36 balrugs
  An angel (Pan)
  11 vault wardens
  10 iron dragons
  7 deep elf elementalists
  A juggernaut zombie (Crypt:2)
  A spectral caustic shrike (Tar:4)
  29 cacodemons (Pan)
  10 shard shrike simulacra
  2 draconian annihilators (Pan)
  3 ghouls (Crypt:2)
  48 war gargoyles
  15 stone giants
  6 ironbound thunderhulks
  2 juggernaut skeletons (Pan)
  38 very ugly things
  6 quicksilver oozes
  11 demonspawn blood saints (Pan)
  14 demonspawn corrupters (Pan)
  4 broodmothers (Spider:4)
  28 elemental wellsprings
  15 ironbound preservers
  7 vampire knights
  9 deep elf demonologists
  6 formless jellyfish
  20 lorocyprocas (Pan)
  A black draconian (Depths:4)
  16 demonspawn black suns (Pan)
  2 spectral titans
  8 deep elf annihilators
  A green draconian (Depths:4)
  5 spark wasps
  19 wendigos
  5 halazid warlocks
  11 dire elephants
  20 putrid mouths
  A yellow draconian (Depths:4)
  22 eidola
  A red draconian (Depths:4)
  4 mummy priests (Tomb:1)
  13 ettins
  26 blizzard demons
  11 merfolk impalers
  28 green deaths
  2 fire dragons (Depths:4)
  7 jiangshi
  6 deep elf death magi
  A shambling mangrove (Abyss:4)
  7 merfolk javelineers
  2 spectral spriggans (Tar:6)
  20 iron golems
  A spectral quicksilver dragon (Tar:5)
  12 yaktaur captains
  4 deep elf high priests
  Josephine (Lair:3)
  2 spriggan zombies (Crypt:3)
  A crystal guardian (Vaults:3)
  A kraken zombie (Hell)
  5 entropy weavers
  11 great orbs of eyes
  2 quicksilver dragon skeletons
  17 caustic shrike simulacra
  A spectral shadow dragon (Tar:1)
  7 juggernaut simulacra
  25 vault guards
  11 ice dragons
  3 peacekeepers
  8 hell beasts
  7 rakshasas
  15 centaur warriors
  A ghost crab (Abyss:4)
  2 catoblepae
  A fenstrider witch zombie (Crypt:3)
  3 salamander tyrants
  3 spriggan skeletons
  An ogre mage (D:15)
  4 spriggan air magi
  6 ironbound frosthearts
  6 hydras
  An alligator snapping turtle (Shoals:3)
  3 merfolk aquamancers
  8 boulder beetles
  2 radroaches
  5 merfolk avatars
  25 dancing weapons
  A stoker (Hell)
  A two-headed ogre (shapeshifter) (Vaults:5)
  5 tengu warriors
  5 death scarabs (Tomb:1)
  2 satyrs
  3 deep troll shamans
  7 two-headed ogres
  7 vampire magi
  8 deep troll earth magi
  16 hell hogs
  A thrashing horror (Abyss:3)
  7 death yaks
  45 demonic crawlers
  5 occultists
  2 spectral nagas
  6 holy swine (Pan)
  3 spectral dire elephants
  25 deep elf knights
  Sonja (Lair:3)
  6 spriggan berserkers
  Urug (D:13)
  28 hell knights
  16 crystal echidnas
  A fire crab (Shoals:2)
  2 sun moths
  Amaemon (D:11)
  97 sun demons
  20 shadow wraiths
  81 soul eaters
  A wretched star (Abyss:2)
  16 skeletal warriors
  5 pharaoh ants
  A titan skeleton (Depths:1)
  9 iron trolls
  29 sixfirhies (Pan)
  2 bunyip zombies (Crypt:3)
  7 skysharks
  2 anaconda zombies (Hell)
  4 flayed ghosts
  4 orb spiders
  8 quicksilver dragon simulacra
  11 sea snakes
  21 shadow demons
  A golden dragon zombie (Crypt:2)
  14 spriggan simulacra
  A tengu zombie (Vaults:3)
  A kraken simulacrum (Shoals:4)
  63 deep trolls
  An orb spider (shapeshifter) (Elf:3)
  3 glowing orange brains
  2 cherubim (Pan)
  25 ironbound convokers
  5 lindwurms
  A spectral iron dragon (Tar:2)
  A spectral hydra (Tar:3)
  A bog body (IceCv)
  A goliath frog zombie (Crypt:1)
  An anaconda skeleton (Crypt:3)
  A bunyip skeleton (Crypt:3)
  20 deep elf archers
  An orange crystal statue (Elf:2)
  38 deep elf pyromancers
  3 obsidian statues
  6 arcanists
  8 harpies
  5 steelbarb worms
  An iron dragon zombie (Crypt:3)
  2 fenstrider witch simulacra
  9 necromancers
  7 phantasmal warriors
  An oklob plant (Shoals:1)
  4 orc knights
  A spectral fire dragon (Tar:1)
  A will-o-the-wisp (Abyss:2)
  A spectral ettin (Tar:6)
  32 deep elf zephyrmancers
  18 wolf spiders
  8 fauns
  5 orc sorcerers
  7 shining eyes
  2 stone giant zombies
  4 cyclopes
  11 manticores
  A faun (shapeshifter) (Depths:4)
  45 ugly things
  6 moths of wrath
  A human zombie (Vaults:3)
  A shadow dragon skeleton (Crypt:3)
  2 spectral alligator snapping turtles
  2 worldbinders (Abyss:2)
  10 kobold blastminers
  6 black mambas
  A centaur zombie (Crypt:3)
  A naga mage (Vaults:1)
  4 apocalypse crabs
  17 merfolk sirens
  An alligator skeleton (Hell)
  4 water nymphs
  20 elephants
  12 rust devils
  A naga zombie (Crypt:3)
  2 torpor snails
  2 ice statues (Coc:7)
  51 orange demons
  79 smoke demons
  12 vault sentinels
  18 cane toads
  12 fire giant skeletons
  2 eyes of devastation (Pan)
  45 large abominations
  4 titan simulacra
  6 gargoyles
  A storm dragon simulacrum (Coc:1)
  2 kobold demonologists
  A centaur skeleton (Pan)
  A dire elephant skeleton (Pan)
  A bunyip simulacrum (Coc:1)
  2 rime drakes (Lair:5)
  2 iron giant simulacra
  A red draconian zombie (Crypt:2)
  4 unseen horrors
  43 hellions
  19 freezing wraiths
  Jeremiah (D:7)
  An iron troll zombie (Crypt:2)
  2 naga skeletons (Crypt:1)
  30 yaktaurs
  54 tormentors
  A yaktaur skeleton (Vaults:3)
  2 golden dragon simulacra (IceCv)
  6 komodo dragons
  A tengu conjurer (Depths:3)
  10 efreet
  9 anaconda simulacra
  13 ice devils
  18 merfolk
  11 red devils
  5 ancient zymes (Abyss:2)
  6 guardian mummies (Tomb:1)
  4 spectral harpies
  A black draconian skeleton (Crypt:1)
  2 trolls (shapeshifter)
  A silent spectre (Tar:4)
  A queen bee (shapeshifter) (D:15)
  18 tarantellas
  3 harpy zombies
  39 hellwings
  6 polar bears
  4 trolls
  2 wind drakes
  4 raiju
  A tengu simulacrum (Coc:1)
  An alligator simulacrum (IceCv)
  4 harpy skeletons
  A spectral swamp dragon (Tar:2)
  3 iron dragon simulacra
  11 hornets
  3 snapping turtles
  4 blink frogs
  3 glass eyes
  2 stone giant simulacra
  3 ettin zombies
  26 dream sheep
  79 slime creatures
  2 air elementals
  A culicivora (shapeshifter) (Vaults:5)
  13 culicivoras
  5 fire dragon skeletons (Crypt:3)
  4 flying skulls (Tomb:1)
  33 jumping spiders
  5 shadows
  A black mamba zombie (Crypt:3)
  2 vampires (Crypt:3)
  13 spriggans
  4 hogs (Lair:3)
  5 naga simulacra
  12 wraiths
  62 yaks
  27 water elementals
  5 wyverns
  5 dire elephant simulacra
  7 ushabtiu (Tomb:1)
  70 ynoxinuls
  6 fire bats
  15 golden eyes
  50 neqoxecs (Pan)
  A steam dragon (Lair:1)
  63 chaos spawn
  58 redbacks
  2 basilisks
  13 vampire mosquitoes
  3 minotaur simulacra (IceCv)
  13 harpy simulacra
  A two-headed ogre zombie (Crypt:2)
  8 hell hounds
  7 wargs
  2 acid dragons
  5 small abominations
  A swamp worm (shapeshifter) (Vaults:5)
  A cane toad zombie (Crypt:1)
  8 water moccasins
  A hydra simulacrum (Hell)
  An ice beast (D:7)
  4 ettin simulacra
  32 orc warriors
  A swamp drake (D:11)
  A black bear (shapeshifter) (D:15)
  7 black bears
  11 ogres
  4 boggarts
  32 wolves
  9 centaurs
  15 starcursed masses
  A boggart (shapeshifter) (D:15)
  A manticore skeleton (Crypt:2)
  A phantom (D:7)
  13 kobold brigands
  19 bullfrogs
  A brain worm (Pan)
  5 gnoll sergeants
  A necrophage (Crypt:2)
  3 earth elementals
  3 scorpions (D:4)
  2 deep troll simulacra (IceCv)
  5 killer bees (D:9)
  A lindwurm simulacrum (IceCv)
  6 electric eels
  A howler monkey (D:7)
  4 crimson imps (Pan)
  3 jellies
  A quasit (Abyss:2)
  2 hounds
  Crazy Yiuf (D:7)
  2 gnoll boudas (D:8)
  17 orc priests
  4 iron imps
  An iguana (D:10)
  23 orc wizards
  2 sleepcaps
  15 hell rats
  A crocodile zombie (Crypt:1)
  11 mummies (Tomb:1)
  A howler monkey zombie (Crypt:2)
  32 gnolls
  6 river rats
  9 adders
  A shadow imp (D:7)
  6 worms
  2 dart slugs
  97 orcs
  8 ball pythons
  7 endoplasms
  3 giant cockroaches
  7 goblins
  15 hobgoblins
  6 jackals (D:1)
  45 kobolds
  3 quokkas
  5 bats
  5 frilled lizards
  A kobold skeleton (Crypt:1)
  16 rats
  A butterfly (Lair:2)
  3 creeping infernos
  8 fire vortices
  A lurking horror (Abyss:2)
  4 tentacles
4181 creatures vanquished.

Vanquished Creatures (collateral kills)
  2 dread liches
  A royal mummy (Tomb:1)
  A profane servitor (Tar:3)
  Nikola (Shoals:3)
  A bone dragon (Tar:7)
  2 Tzitzimimeh (Pan)
  3 Ice Fiends
  A Hell Sentinel (Pan)
  2 tainted leviathans (Tar:7)
  2 pandemonium lords (Pan)
  A lich (Pan)
  A quicksilver dragon (Vaults:5)
  A kraken (Abyss:4)
  2 sphinxes
  An ancient champion (Dis:2)
  2 azure jellies (Coc:7)
  A demonspawn warmonger (Pan)
  2 fenstrider witches (Depths:3)
  A vault warden (Vaults:5)
  A nargun (Coc:6)
  An iron dragon (Dis:7)
  A fire giant (Geh:1)
  2 frost giants
  2 spriggan defenders (Depths:1)
  2 balrugs
  2 war gargoyles (Dis:7)
  5 cacodemons (Pan)
  An ironbound preserver (Vaults:5)
  2 demonspawn corrupters (Pan)
  3 reapers
  2 stone giants
  A demonspawn blood saint (Pan)
  3 very ugly things
  A vampire knight (Depths:1)
  An elemental wellspring (Coc:5)
  A putrid mouth (Tar:3)
  3 wendigos
  3 blizzard demons (Pan)
  4 mummy priests (Tomb:1)
  A deep elf death mage (Vaults:5)
  A fire dragon (Depths:1)
  3 yaktaur captains (Vaults:5)
  2 vault guards (Vaults:5)
  A caustic shrike simulacrum (Coc:5)
  2 ice dragons
  3 rakshasas (Pan)
  A spriggan air mage (Pan)
  A ghost crab (Abyss:4)
  2 jorogumos (Depths:3)
  A hell beast (Pan)
  A stoker (Geh:2)
  A centaur warrior (Shoals:1)
  2 merfolk aquamancers (Shoals:4)
  A deep troll shaman (Depths:1)
  3 dancing weapons (Elf:2)
  A tengu warrior (Depths:2)
  A hell hog (Geh:2)
  5 soul eaters (Pan)
  A thrashing horror (Abyss:2)
  3 hell knights (Depths:2)
  A crystal echidna (Dis:7)
  8 sun demons
  A skyshark (Shoals:1)
  4 large abominations (Pan)
  2 fire crabs (Abyss:4)
  A sixfirhy (Pan)
  2 sea snakes
  3 skeletal warriors (Tomb:1)
  2 orb spiders (Spider:4)
  An ironbound convoker (Vaults:5)
  A deep elf zephyrmancer (Elf:2)
  2 ugly things (Depths:1)
  A necromancer (Depths:1)
  A faun (Shoals:1)
  A fire giant zombie (Depths:1)
  2 manticores
  A titan simulacrum (Coc:3)
  A water nymph (Shoals:4)
  An ice statue (Coc:7)
  3 smoke demons
  3 orange demons (Pan)
  2 hellions
  A freezing wraith (Coc:2)
  A guardian mummy (Tomb:1)
  4 tormentors
  2 hellwings (Pan)
  A red devil (Hell)
  3 merfolk
  A hornet (Vaults:5)
  2 snapping turtles (Shoals:1)
  A stone giant simulacrum (Coc:3)
  A jumping spider (Spider:4)
  2 raiju (Abyss:2)
  A culicivora (Spider:4)
  A spriggan (Depths:2)
  5 ynoxinuls (Pan)
  A water elemental (Shoals:4)
  4 ushabtiu (Tomb:1)
  2 golden eyes (Pan)
  A redback (Spider:4)
  A chaos spawn (Pan)
  3 neqoxecs (Pan)
  2 small abominations (Abyss:2)
  A harpy simulacrum (Coc:7)
  An orc warrior (Orc:2)
  An ogre (Orc:2)
  A starcursed mass (Abyss:2)
  2 wights
  13 mummies (Tomb:1)
  A shadow imp (Pan)
  An orc (Orc:2)
211 creatures vanquished.

Vanquished Creatures (others)
  Antaeus (Coc:7)
  A pandemonium lord (Pan)
  A Tzitzimitl (Tar:7)
  An Ice Fiend (Coc:7)
  A titan (Coc:7)
  An eldritch tentacle (Pan)
  An azure jelly (Coc:1)
  A nargun (Coc:7)
  A fire giant (Geh:2)
  2 shard shrike simulacra
  A draconian annihilator (Pan)
  A reaper (Pan)
  An elemental wellspring (Coc:2)
  2 wendigos (Coc:7)
  An eidolon (Tar:7)
  A green death (Pan)
  2 caustic shrike simulacra (Coc:7)
  2 juggernaut simulacra
  2 rakshasas (Pan)
  A spriggan air mage (Pan)
  A hell hog (Geh:2)
  An occultist (Pan)
  A sun demon (Pan)
  A quicksilver dragon simulacrum (Coc:1)
  A spectral bunyip (Tar:1)
  An anaconda zombie (Hell)
  A sixfirhy (Pan)
  A spectral anaconda (Tar:1)
  2 spriggan simulacra
  An arcanist (Pan)
  A deep elf zephyrmancer (Elf:1)
  A spectral ettin (Tar:1)
  An alligator zombie (Hell)
  A spectral centaur (Tar:1)
  A smoke demon (Pan)
  A titan simulacrum (Coc:3)
  An anaconda simulacrum (Coc:2)
  2 golden dragon simulacra (Coc:7)
  A freezing wraith (Coc:7)
  A spectral harpy (Tar:1)
  A water elemental (Hell)
  A ynoxinul (Pan)
  2 dire elephant simulacra
  A fire bat (Pan)
  An alligator snapping turtle simulacrum (Coc:3)
  A redback (Spider:1)
  A neqoxec (Pan)
  6 harpy simulacra
  A brain worm (Pan)
  3 naga simulacra
  6 ball lightnings (Pan)
  A creeping inferno (Hell)
  4 foxfires (Abyss:2)
  5 starspawn tentacles (Abyss:2)
  17 tentacles
98 creatures vanquished.

Grand Total: 4490 creatures vanquished

Notes
Turn   | Place    | Note
-------+----------+-------------------------------------------
     0 | D:1      | bmb222 the Minotaur Wanderer began the quest for the Orb.
     0 | D:1      | bmb222 set off with the following items: a +0 club, a
                  | potion of lignification, a +0 scale mail, a potion of
                  | invisibility, a +2 buckler.
     0 | D:1      | Reached XP level 1. HP: 19/19 MP: 0/0
    81 | D:1      | Reached skill level 5 in Armour
    91 | D:1      | Reached skill level 1 in Maces & Flails
    95 | D:1      | Reached XP level 2. HP: 25/27 MP: 1/1
   391 | D:1      | Reached XP level 3. HP: 23/33 MP: 2/2
   810 | D:2      | Found a faded altar of an unknown god.
   860 | D:2      | Reached XP level 4. HP: 40/40 MP: 3/3
  1281 | D:3      | Found a sacrificial altar of Ru.
  1284 | D:3      | Found a hide-covered altar of Uskayaw.
  1287 | D:3      | Found an opulent altar of Gozag.
  1302 | D:3      | Found a bloodstained altar of Trog.
  1592 | D:3      | Found a white marble altar of Elyvilon.
  1876 | D:4      | Noticed a scorpion
  1876 | D:4      | Noticed a wyvern
  2034 | D:4      | Found a shimmering altar of Xom.
  2076 | D:4      | Found a glowing drain.
  2089 | D:4      | Killed a scorpion
  2090 | D:4      | Reached XP level 5. HP: 44/46 MP: 4/4
  2128 | Sewer    | Entered a sewer
  2191 | Sewer    | Reached skill level 5 in Maces & Flails
  2194 | Sewer    | Reached XP level 6. HP: 51/52 MP: 5/5
  3312 | D:4      | Reached XP level 7. HP: 50/59 MP: 6/6
  3773 | D:4      | Killed a wyvern
  3829 | D:5      | Entered Level 5 of the Dungeon
  3831 | D:5      | Noticed a kobold demonologist
  4018 | D:5      | Noticed a chaos spawn
  4024 | D:5      | Noticed a rust devil
  4026 | D:5      | Killed a kobold demonologist
  4027 | D:5      | Reached skill level 10 in Maces & Flails
  4027 | D:5      | Reached XP level 8. HP: 26/66 MP: 7/7
  4359 | D:5      | Found Kijecva's Lightly-Used Armoury.
  4367 | D:5      | Bought a -1 eveningstar for 140 gold pieces
  5032 | D:5      | You fall into a shaft and drop 2 floors!
  5037 | D:7      | Noticed Jeremiah
  5130 | D:7      | Found a runed translucent door.
  5131 | D:7      | Noticed Crazy Yiuf
  5149 | D:7      | Killed Jeremiah
  5246 | D:7      | Killed Crazy Yiuf
  5362 | D:7      | Found a staircase to the Ecumenical Temple.
  5427 | D:7      | Reached XP level 9. HP: 64/71 MP: 8/8
  5474 | Temple   | Entered the Ecumenical Temple
  5499 | Temple   | Became a worshipper of the Shining One
  6190 | D:7      | Identified the +8 short sword "Yracweco" {pain, rF+}
  6270 | D:8      | Noticed a two-headed ogre
  6286 | D:8      | Killed a two-headed ogre
  6287 | D:8      | Reached skill level 15 in Maces & Flails
  7020 | D:8      | Reached * piety under the Shining One
  7181 | D:9      | Reached XP level 10. HP: 64/78 MP: 9/9
  7657 | D:9      | Reached skill level 5 in Fighting
  8339 | D:10     | Entered Level 10 of the Dungeon
  8381 | D:10     | Found Afugh's Armour Shoppe.
  8381 | D:10     | Found a staircase to the Orcish Mines.
  8548 | D:10     | Found a staircase to the Lair.
  8557 | D:10     | Reached skill level 5 in Shields
  9147 | D:11     | Reached ** piety under the Shining One
  9165 | D:11     | Reached XP level 11. HP: 81/92 MP: 10/10
  9798 | D:10     | Identified a scroll of acquirement
  9798 | D:10     | Acquired the +9 crystal plate armour "Ucheckusm" {Dex+2
                  | SInv Stlth+}
 10436 | D:11     | Noticed Amaemon
 10448 | D:11     | Killed Amaemon
 10489 | D:11     | Noticed a two-headed ogre
 10498 | D:11     | Killed a two-headed ogre
 10499 | D:11     | Reached skill level 10 in Armour
 11396 | D:12     | Reached *** piety under the Shining One
 11564 | D:12     | Noticed a purple ugly thing
 11577 | D:12     | Killed a purple ugly thing
 11932 | D:12     | Reached XP level 12. HP: 99/104 MP: 11/11
 12079 | D:12     | Identified the +4 ring mail "Fuehia" {rElec}
 12395 | D:13     | Reached skill level 10 in Fighting
 12578 | D:13     | Reached skill level 10 in Shields
 12811 | D:13     | Noticed Urug
 12811 | D:13     | Noticed a five-headed hydra
 12832 | D:13     | Killed a five-headed hydra
 12845 | D:13     | Killed Urug
 13042 | D:13     | Reached **** piety under the Shining One
 13150 | D:13     | Noticed a two-headed ogre
 13156 | D:13     | Killed a two-headed ogre
 13223 | D:13     | Noticed a centaur warrior
 13233 | D:13     | Killed a centaur warrior
 13378 | D:13     | Identified the +5 mace of the Dwarven Hall {heavy, rN+
                  | Dex+4}
 13695 | D:14     | Noticed a four-headed hydra
 13702 | D:14     | Killed a four-headed hydra
 13739 | D:14     | Noticed a vault guard
 13751 | D:14     | Killed a vault guard
 13817 | D:14     | Found a gate to the Vaults.
 14004 | D:14     | Noticed Rupert
 14157 | Orc:1    | Entered Level 1 of the Orcish Mines
 14179 | Orc:1    | Reached XP level 13. HP: 68/117 MP: 12/12
 14745 | Orc:2    | Entered Level 2 of the Orcish Mines
 14745 | Orc:2    | Found a burning altar of Makhleb.
 14864 | Orc:2    | Found Vour's Jewellery Shop.
 15149 | Orc:2    | Paralysed by an orc sorcerer for 2 turns
 15160 | Orc:2    | Paralysed by an orc sorcerer for 4 turns
 15163 | Orc:2    | Noticed Saint Roka
 15315 | Orc:1    | Reached skill level 1 in Invocations
 15842 | Orc:2    | Reached ***** piety under the Shining One
 15875 | Orc:2    | Found Ugapo's Antique Armour Boutique.
 15914 | Orc:2    | Found a staircase to the Elven Halls.
 16433 | Orc:2    | Found Kanion's Antique Armour Shoppe.
 16439 | Orc:2    | Found Qaos's Antique Weapon Emporium.
 16584 | Lair:1   | Entered Level 1 of the Lair of Beasts
 16900 | Lair:1   | Found an ornate altar of the Wu Jian Council.
 17495 | Lair:1   | Reached skill level 5 in Dodging
 17918 | Lair:2   | Noticed Gastronok
 18043 | Lair:2   | Reached XP level 14. HP: 129/129 MP: 16/16
 18213 | Lair:2   | Killed Gastronok
 18214 | Lair:2   | Reached skill level 15 in Armour
 18214 | Lair:2   | Reached skill level 5 in Invocations
 19133 | Lair:3   | Noticed Sonja
 19156 | Abyss:2  | Cast into level 2 of the Abyss (Sonja)
 19178 | Abyss:2  | Found a corrupted altar of Lugonu.
 19211 | Abyss:2  | Noticed a tentacled starspawn
 19220 | Abyss:2  | Killed a tentacled starspawn
 19234 | Abyss:2  | Found a corrupted altar of Lugonu.
 19441 | Abyss:2  | Noticed a green very ugly thing
 19486 | Abyss:2  | Reached ****** piety under the Shining One
 19502 | Abyss:2  | Noticed a red very ugly thing
 19518 | Abyss:2  | Killed a red very ugly thing
 19647 | Abyss:2  | Found a corrupted altar of Lugonu.
 19659 | Abyss:2  | Found a corrupted altar of Lugonu.
 19659 | Abyss:2  | Found a corrupted altar of Lugonu.
 19711 | Abyss:2  | Noticed a tentacled starspawn
 19718 | Abyss:2  | Killed a tentacled starspawn
 19720 | Abyss:2  | Noticed a tentacled starspawn
 19725 | Lair:3   | Escaped the Abyss
 19734 | Lair:3   | Killed Sonja
 19773 | Lair:3   | Found a transporter.
 19774 | Lair:3   | Found a transporter.
 20267 | Lair:3   | Reached XP level 15. HP: 127/138 MP: 19/19
 20415 | Lair:3   | Noticed Kirke
 20438 | Lair:3   | Killed Kirke
 20460 | Lair:3   | Found a hole to the Spider Nest.
 20710 | Lair:4   | Reached skill level 1 in Unarmed Combat
 21254 | Lair:4   | Found a staircase to the Slime Pits.
 21664 | Lair:5   | Entered Level 5 of the Lair of Beasts
 21790 | Lair:5   | Reached skill level 15 in Fighting
 22083 | Lair:5   | Got the Volume of the Scorched Tempest
 23319 | D:14     | Killed Rupert
 23562 | D:15     | Entered Level 15 of the Dungeon
 23753 | D:15     | Found a staircase to the Depths.
 23758 | D:15     | Reached skill level 15 in Shields
 23822 | D:15     | Reached XP level 16. HP: 149/149 MP: 20/20
 24531 | Orc:2    | Killed Saint Roka
 24616 | Orc:2    | Bought the +10 tower shield of Ignorance {rN+ Int-4} for
                  | 1948 gold pieces
 24616 | Orc:2    | Found the +10 tower shield of Ignorance {rN+ Int-4}
 24724 | Orc:2    | Found Hosuc's Magic Scroll Shop.
 24727 | Orc:2    | Bought a scroll of teleportation for 30 gold pieces
 24727 | Orc:2    | Bought 3 scrolls of teleportation for 90 gold pieces
 24912 | Spider:1 | Entered Level 1 of the Spider Nest
 25143 | Depths:1 | Entered Level 1 of the Depths
 25829 | D:15     | Identified a +5 eveningstar of holy wrath (a +3 eveningstar
                  | blessed by the Shining One)
 25829 | D:15     | Received a gift from the Shining One
 25915 | Depths:1 | Noticed Mara
 25918 | Depths:1 | Noticed a shadow dragon
 25918 | Depths:1 | Identified the +0 robe of Makhleb's Esteem {-Cast Rampage
                  | +Blink rF+}
 26132 | Spider:1 | Noticed Josephine
 26155 | Lair:3   | Killed Josephine
 27019 | Spider:2 | Noticed Donald
 27048 | Spider:1 | Killed Donald
 27108 | Spider:2 | Reached XP level 17. HP: 157/157 MP: 17/22
 27117 | Spider:2 | Found a frozen archway.
 27132 | IceCv    | Entered an ice cave
 27475 | IceCv    | Noticed an Ice Fiend
 27498 | IceCv    | Killed an Ice Fiend
 28888 | Spider:4 | Entered Level 4 of the Spider Nest
 28888 | Spider:4 | Noticed Asterion
 28912 | Spider:3 | Killed Asterion
 29316 | Spider:4 | Got a gossamer rune of Zot
 29781 | Spider:4 | Reached XP level 18. HP: 166/166 MP: 24/24
 30138 | Depths:1 | Noticed bmb222's illusion
 30209 | D:15     | Reached skill level 10 in Invocations
 30851 | Depths:1 | Noticed bmb222's illusion
 31040 | Depths:1 | Killed Mara
 31109 | Depths:1 | Found an iron altar of Okawaru.
 31175 | Depths:1 | Identified the +5 morningstar of the Pill Bug {spect, *Slow
                  | rCorr Int-4 Dex+4}
 31190 | Depths:1 | Found a gateway to Hell.
 31253 | Depths:1 | Identified the staff of Nebboize {rN+ Necro Fire}
 31390 | Depths:1 | Found a broken altar of Ashenzari.
 32375 | Depths:2 | Found a one-way gate to the infinite horrors of the Abyss.
 32703 | Depths:2 | Found a shimmering blue altar of Sif Muna.
 32772 | Depths:2 | Found a one-way gate leading to the halls of Pandemonium.
 32777 | Depths:2 | Reached XP level 19. HP: 177/177 MP: 25/25
 32973 | Depths:3 | Found a one-way gateway to a ziggurat.
 33244 | Depths:3 | Noticed a golden dragon
 33275 | Depths:3 | Killed a golden dragon
 33406 | Depths:3 | You fall into a shaft and drop 1 floor!
 33406 | Depths:4 | Entered Level 4 of the Depths
 33406 | Depths:4 | Found a glowing golden altar of the Shining One.
 33539 | Depths:4 | Noticed a doom hound
 33543 | Depths:4 | Noticed a doom hound
 33544 | Depths:4 | Killed a doom hound
 33551 | Depths:4 | Noticed Grunn
 33555 | Depths:4 | Killed a doom hound
 33559 | Depths:4 | Noticed a Tzitzimitl
 33564 | Depths:4 | Noticed a Tzitzimitl
 33564 | Depths:4 | Killed a Tzitzimitl
 33670 | Depths:3 | Found Soplyedd's Magic Scroll Emporium.
 33966 | Depths:3 | Noticed a dread lich
 33987 | Depths:3 | Killed a dread lich
 34036 | Depths:3 | Paralysed by a fenstrider witch for 5 turns
 34279 | Depths:4 | Noticed a juggernaut
 34292 | Depths:4 | Killed a juggernaut
 34411 | Depths:4 | Killed a Tzitzimitl
 34627 | Depths:4 | Killed Grunn
 34628 | Depths:4 | Reached XP level 20. HP: 157/198 MP: 26/26
 34968 | Depths:4 | Found a gate to the Realm of Zot.
 34974 | Depths:4 | Noticed a golden dragon
 35009 | Depths:4 | Killed a golden dragon
 35703 | Orc:2    | Bought a scroll of enchant armour for 75 gold pieces
 35703 | Orc:2    | Bought a scroll of enchant armour for 75 gold pieces
 35881 | Vaults:1 | Entered Level 1 of the Vaults
 36047 | Vaults:1 | Got the Directory of the Oath
 36325 | Vaults:1 | Found a portal to a secret trove of treasure.
 36423 | Vaults:1 | Identified the +6 longbow "Sodyokim" {heavy, SInv}
 36474 | Vaults:1 | Found Duacov's Assorted Antiques.
 36482 | Vaults:1 | Bought a pair of runed gloves for 270 gold pieces
 37332 | Vaults:2 | Acquired the scarf "Kiothraa" {shadows, Harm rElec Will+
                  | Str+2}
 38618 | Vaults:2 | Found Zeryq's Armour Boutique.
 38646 | Vaults:2 | Found Ifaulik's Book Emporium.
 38873 | Vaults:2 | Reached XP level 21. HP: 214/214 MP: 25/27
 39531 | Vaults:3 | Noticed Norris
 39553 | Vaults:3 | Killed Norris
 39889 | Vaults:3 | Found a staircase to the Crypt.
 41631 | Vaults:4 | Found a transporter.
 41962 | Vaults:4 | Found a transporter.
 42021 | Vaults:4 | Identified the +9 trident of Oneud {elec, rElec Will+}
 42029 | Vaults:4 | Identified the ring of Semnay {rElec rF+ EV+5}
 42563 | Vaults:5 | Entered Level 5 of the Vaults
 42694 | Vaults:5 | Reached skill level 27 in Fighting
 42694 | Vaults:5 | Reached XP level 22. HP: 72/233 MP: 2/28
 43043 | Vaults:5 | Identified the +5 ring mail of Vagitrye {Dex+3}
 43064 | Vaults:5 | Identified the staff of Plog {^Fragile rPois Int+5 Dex+5
                  | Poison}
 43302 | Vaults:5 | Noticed a golden dragon
 43311 | Vaults:5 | Killed a golden dragon
 43336 | Vaults:5 | Found Bocug's Weapon Shoppe.
 43672 | Vaults:5 | Identified the scarf of Ronesof {shadows, rPois Int+2
                  | Dex-3}
 43758 | Vaults:5 | Identified the +1 demon trident of the Unkillable {elec,
                  | rC+ Dex+4}
 44149 | Vaults:5 | Got a silver rune of Zot
 44281 | Vaults:5 | Noticed a dread lich
 44281 | Vaults:5 | Identified the +11 trident of Heoqisat {pain, rPois Int+5
                  | Stlth-}
 44281 | Vaults:5 | Paralysed by a dread lich for 4 turns
 44301 | Vaults:5 | Killed a dread lich
 44878 | Crypt:1  | Entered Level 1 of the Crypt
 45556 | Crypt:2  | Noticed Zenata
 45569 | Crypt:2  | Killed Zenata
 45570 | Crypt:2  | Reached XP level 23. HP: 156/240 MP: 12/29
 46051 | Crypt:2  | Reached skill level 10 in Dodging
 46168 | Crypt:3  | Entered Level 3 of the Crypt
 46775 | Crypt:3  | Identified the +0 crystal plate armour of Zoxuucs {MP+9}
 47107 | Crypt:3  | Found the +13 scythe of Curses {drain, curses, ^Drain}
 47274 | Crypt:3  | Found a staircase to the Tomb.
 47411 | Crypt:3  | Found an ancient bone altar of Kikubaaqudgha.
 47423 | Crypt:3  | Noticed an ancient lich
 47431 | Crypt:3  | Killed an ancient lich
 47438 | Crypt:3  | Reached skill level 27 in Shields
 47495 | Crypt:3  | Noticed a dread lich
 47496 | Crypt:3  | Paralysed by a dread lich for 5 turns
 47501 | Crypt:3  | Killed a dread lich
 48185 | Slime:1  | Entered Level 1 of the Pits of Slime
 48384 | Slime:2  | Gained mutation: Armour fits poorly on your strangely
                  | shaped body. [a shining eye]
 49025 | Slime:5  | Entered Level 5 of the Pits of Slime
 49872 | Slime:5  | Noticed the Royal Jelly
 49928 | Slime:5  | Killed the Royal Jelly
 50402 | Slime:5  | Lost mutation: Armour fits poorly on your strangely shaped
                  | body. [potion of mutation]
 50402 | Slime:5  | Gained mutation: Your spells are a little harder to cast,
                  | but a little more powerful. [potion of mutation]
 50402 | Slime:5  | Gained mutation: Armour fits poorly on your strangely
                  | shaped body. [potion of mutation]
 50402 | Slime:5  | Gained mutation: You have a pair of large horns on your
                  | head. [potion of mutation]
 50402 | Slime:5  | Gained mutation: You are agile. (Dex +4, Str/Int -1)
                  | [potion of mutation]
 50465 | Slime:5  | Got Uvigih's Discursus on Combustion and Black Magic
 50476 | Slime:5  | Got a slimy rune of Zot
 50520 | Slime:5  | Identified the staff of Bezetediank {rElec Conj Fire}
 50521 | Slime:5  | Identified the ring "Qulokili" {rPois rC+ Dex-2 Slay+4}
 50556 | Slime:5  | Identified the +7 mace of Patience {venom, rN+ Will+}
 50560 | Slime:5  | Identified the +2 glaive of a Million Villages {antimagic,
                  | rElec rF- rN++}
 50562 | Slime:5  | Identified the +5 great mace "Hydrabane" {pain, rF++ rN+
                  | Str-5 Int+3}
 50943 | Shoals:1 | Entered Level 1 of the Shoals
 50943 | Shoals:1 | Found a sacrificial altar of Ru.
 51035 | Shoals:1 | Identified the serpent talisman of Hoorast {rN++ Dex-3}
 51035 | Shoals:1 | Noticed Aizul
 51128 | Shoals:1 | Killed Aizul
 51223 | Shoals:1 | Reached XP level 24. HP: 249/249 MP: 28/29
 52134 | Shoals:2 | Reached skill level 27 in Armour
 52830 | Shoals:3 | Noticed Nikola
 52841 | Shoals:3 | Killed Nikola
 53006 | Shoals:3 | Noticed Jorgrun
 53013 | Shoals:3 | Killed Jorgrun
 53070 | Shoals:3 | Noticed Ilsuiw
 53101 | Shoals:3 | Killed Ilsuiw
 53266 | Shoals:3 | Noticed Polyphemus
 53282 | Shoals:3 | Killed Polyphemus
 53634 | Shoals:4 | Entered Level 4 of the Shoals
 53865 | Shoals:4 | Identified the blade talisman of Vehumet's Whim {rN+}
 53938 | Shoals:4 | Got a barnacled rune of Zot
 54146 | Shoals:4 | Identified the +6 hand axe of Earthquakes {protect, *Slow
                  | rN+ Int+4}
 54739 | Elf:1    | Entered Level 1 of the Elven Halls
 55098 | Elf:1    | Reached skill level 1 in Throwing
 55184 | Elf:1    | Got Bouxudghe's Enchiridion on Combined Conjuration
 55812 | Elf:1    | Reached skill level 15 in Dodging
 56178 | Elf:2    | Paralysed by an air elemental for 1 turns
 56435 | Elf:2    | Lost mutation: You are agile. (Dex +4, Str/Int -1) [a
                  | neqoxec]
 56443 | Elf:2    | Gained mutation: You are frail. (-10% HP) [a neqoxec]
 56768 | Elf:2    | Found a runed translucent gate.
 56769 | Elf:2    | Found a runed translucent gate.
 56769 | Elf:2    | Found a runed translucent gate.
 57102 | Elf:2    | Reached XP level 25. HP: 231/231 MP: 29/31
 57305 | Elf:3    | Entered Level 3 of the Elven Halls
 57540 | Elf:3    | Found a runed translucent door.
 57541 | Elf:3    | Noticed Foashama's ghost (adept DsWr)
 58223 | Elf:3    | Identified the +6 leather armour of Inviolability {Harm}
 58592 | Elf:3    | Identified the staff of Unpleasantness {^Drain rElec rCorr
                  | Stlth+ Tloc Air}
 58598 | Elf:3    | Identified the staff of Hinez {rN+ Str+2 Necro}
 58865 | Elf:3    | Killed Foashama's ghost
 59445 | Tomb:1   | Entered Level 1 of the Tomb of the Ancients
 59451 | Tomb:1   | Noticed a royal mummy
 59556 | Tomb:1   | Reached skill level 5 in Throwing
 59852 | Tomb:1   | Noticed a royal mummy
 59864 | Tomb:1   | Killed a royal mummy
 59866 | Tomb:1   | Noticed a royal mummy
 59869 | Tomb:1   | Killed a royal mummy
 60222 | Tomb:1   | Identified the +1 plate armour "Jigonlaz" {Rampage rF- rC+
                  | Int+5}
 60234 | Tomb:1   | Noticed a royal mummy
 60243 | Tomb:1   | Killed a royal mummy
 61058 | Depths:3 | Voluntarily entered the Abyss.
 61086 | Abyss:2  | Found a corrupted altar of Lugonu.
 61271 | Abyss:3  | Found a corrupted altar of Lugonu.
 61372 | Abyss:3  | Found a corrupted altar of Lugonu.
 61422 | Abyss:4  | Found a corrupted altar of Lugonu.
 61507 | Abyss:4  | Got an abyssal rune of Zot
 61540 | Depths:3 | Escaped the Abyss
 61601 | Hell     | Entered the Vestibule of Hell
 61601 | Hell     | Noticed Geryon
 61607 | Hell     | Killed Geryon
 61609 | Hell     | Noticed Murray
 61624 | Hell     | Killed Murray
 61833 | Hell     | Reached XP level 26. HP: 239/239 MP: 32/32
 61896 | Hell     | Found a gateway to the freezing wastes of Cocytus.
 62032 | Hell     | Found a gateway to the decaying netherworld of Tartarus.
 62194 | Hell     | Found a gateway to the ashen valley of Gehenna.
 62419 | Hell     | Found a gateway to the Iron City of Dis.
 62541 | Tar:1    | Entered Level 1 of Tartarus
 62727 | Tar:1    | Reached skill level 15 in Invocations
 63083 | Tar:2    | You fall into a shaft and drop 1 floor!
 64833 | Tar:1    | Lost mutation: Your spells are a little harder to cast, but
                  | a little more powerful. [potion of mutation]
 64833 | Tar:1    | Lost mutation: Armour fits poorly on your strangely shaped
                  | body. [potion of mutation]
 64833 | Tar:1    | Gained mutation: You are partially covered in iridescent
                  | scales. (AC +2) [potion of mutation]
 64833 | Tar:1    | Gained mutation: You expend magic power (3 MP) to
                  | strengthen your wands. [potion of mutation]
 65746 | Tar:7    | Entered Level 7 of Tartarus
 65940 | Tar:7    | Reached XP level 27. HP: 245/245 MP: 35/35
 66644 | Tar:7    | Reached skill level 10 in Throwing
 66844 | Tar:7    | Identified the orb "Weof" {mayhem, -Tele Str-3 Dex+8
                  | Poison}
 66986 | Tar:7    | Noticed the Serpent of Hell
 67004 | Tar:7    | Killed the Serpent of Hell
 67015 | Tar:7    | Noticed a dread lich
 67029 | Tar:7    | Killed a dread lich
 67125 | Tar:7    | Got the Tractate on Doomed Transportation
 67145 | Tar:7    | Noticed an ancient lich
 67146 | Tar:7    | Noticed a dread lich
 67150 | Tar:7    | Killed an ancient lich
 67152 | Tar:7    | Killed a dread lich
 67158 | Tar:7    | Identified the amulet "Avvarep" {Faith Int+2}
 67162 | Tar:7    | Identified the staff "Rebuggit" {rPois rN+ Conj Necro}
 67238 | Tar:7    | Identified the +8 scimitar "Killer Klown's Death" {freeze,
                  | rN++ Str-2 Stlth+}
 67241 | Tar:7    | Identified the ring "Erurocac" {+Blink rN+ SInv}
 67428 | Tar:7    | Noticed Ereshkigal
 67991 | Pan      | Entered Pandemonium
 68056 | Pan      | Noticed Urablape the pandemonium lord
 68070 | Pan      | Killed Urablape the pandemonium lord
 68887 | Pan      | Gained mutation: Your spells are a little easier to cast,
                  | but a little less powerful. [a neqoxec]
 68914 | Pan      | Got a demonic rune of Zot
 69065 | Pan      | Noticed Liepil the pandemonium lord
 69072 | Pan      | Killed Liepil the pandemonium lord
 69776 | Pan      | Learned a level 4 spell: Manifold Assault
 69981 | Pan      | Reached skill level 1 in Translocations
 70030 | Pan      | Reached skill level 1 in Spellcasting
 70208 | Pan      | Found a huge runed translucent gate.
 70213 | Pan      | Found a huge runed translucent gate.
 70220 | Pan      | Found a huge runed translucent gate.
 70278 | Pan      | Found a huge runed translucent gate.
 70278 | Pan      | Found a huge runed translucent gate.
 70280 | Pan      | Found a huge runed translucent gate.
 70289 | Pan      | Noticed Cynnimom the pandemonium lord
 70671 | Pan      | Killed Cynnimom the pandemonium lord
 71071 | Pan      | Gained mutation: Your health recovers twice as slowly from
                  | being drained. [a cacodemon]
 71105 | Pan      | Noticed Taph the pandemonium lord
 71118 | Pan      | Killed Taph the pandemonium lord
 71234 | Pan      | Reached skill level 5 in Translocations
 71907 | Pan      | Reached skill level 5 in Spellcasting
 71974 | Pan      | Gained mutation: You have hidden genetic defects. [a
                  | neqoxec]
 72052 | Pan      | Noticed Ignacio
 72058 | Pan      | Killed Ignacio
 72361 | Pan      | Found a huge runed translucent gate.
 72362 | Pan      | Found a huge runed translucent gate.
 72363 | Pan      | Found a huge runed translucent gate.
 72739 | Pan      | Found a huge runed translucent gate.
 72739 | Pan      | Found a huge runed translucent gate.
 72739 | Pan      | Found a huge runed translucent gate.
 72748 | Pan      | Noticed Xetzuerphes the pandemonium lord
 72757 | Pan      | Killed Xetzuerphes the pandemonium lord
 72907 | Pan      | Noticed Gofoiss the pandemonium lord
 72915 | Pan      | Killed Gofoiss the pandemonium lord
 73070 | Pan      | Gained mutation: You are dopey. (Int -2) [hidden defects]
 73225 | Pan      | Identified the +0 pair of boots of Muttered Phrases {rN+}
 74098 | Pan      | Entered the realm of Cerebov.
 74130 | Pan      | Found an exit through the horrors of the Abyss.
 74233 | Pan      | Found the +6 sword of Cerebov {flame}
 74233 | Pan      | Noticed Cerebov
 74235 | Pan      | Identified the -2 tower shield of Egalitarianism {rPois
                  | Str+4}
 74267 | Pan      | Killed Cerebov
 74272 | Pan      | Gained mutation: Potions are less effective at restoring
                  | your health. [hidden defects]
 74272 | Pan      | Lost mutation: You have hidden genetic defects. [hidden
                  | defects expressed]
 74394 | Pan      | Got a fiery rune of Zot
 74425 | Pan      | Identified the +6 shadow dragon scales of Complete
                  | Protection {Will+ rCorr Stlth++++}
 74437 | Pan      | Got Sif Muna's Meditations on Causimancy and Attendants
 74481 | Pan      | Identified the +2 flail of the Beast {freeze, *Noise rN+
                  | Int+4}
 74482 | Pan      | Identified the staff of Sudatas {Fly rElec Air}
 74483 | Pan      | Identified the +6 halberd of the Modern Loafs {venom, rPois
                  | rN+ Int+4}
 74667 | Pan      | Identified the +5 hand axe "Muxeang" {spect, Will++}
 74864 | Pan      | Identified the ring "Ystros" {^Drain rF+ Dex+8 SInv}
 75246 | Pan      | Found an exit through the horrors of the Abyss.
 75743 | Pan      | Noticed Mitiylov the pandemonium lord
 75752 | Pan      | Killed Mitiylov the pandemonium lord
 76098 | Pan      | Reached skill level 10 in Translocations
 76366 | Pan      | Identified the staff of the Well-Known Dreams {rF+ Fire
                  | Poison}
 76824 | Pan      | Noticed Cuz Zeis the pandemonium lord
 77194 | Pan      | Killed Cuz Zeis the pandemonium lord
 77324 | Pan      | Reached skill level 10 in Spellcasting
 77797 | Pan      | Identified the +4 scimitar "Beseas" {flame, rF- rN+++ rCorr
                  | SInv}
 77871 | Pan      | Noticed Mosuskub the pandemonium lord
 77896 | Pan      | Killed Mosuskub the pandemonium lord
 78578 | Pan      | Gained mutation: You are weak. (Str -2) [a neqoxec]
 78741 | Pan      | Entered the realm of Mnoleg.
 78834 | Pan      | Noticed Mnoleg
 78855 | Pan      | Killed Mnoleg
 78888 | Pan      | Got a glowing rune of Zot
 79283 | Pan      | Gained mutation: You are very frail. (-20% HP) [a
                  | cacodemon]
 79288 | Pan      | Identified the +3 chain mail of Cako Beu {Harm rCorr Str-3
                  | Dex+2}
 79422 | Pan      | Found an exit through the horrors of the Abyss.
 79594 | Pan      | Gained mutation: Your spells are easier to cast, but less
                  | powerful. [a cacodemon]
 80578 | Pan      | Noticed Eppum Vee the pandemonium lord
 80582 | Pan      | Killed Eppum Vee the pandemonium lord
 80881 | Pan      | Noticed Qeafaav the pandemonium lord
 80889 | Pan      | Killed Qeafaav the pandemonium lord
 81124 | Pan      | Identified the +2 dire flail of the Four Xalams {flame, Fly
                  | rC- SInv Stlth+}
 81914 | Pan      | Found an exit through the horrors of the Abyss.
 81923 | Pan      | Noticed Copneon the pandemonium lord
 81928 | Pan      | Killed Copneon the pandemonium lord
 82295 | Pan      | Entered the realm of Lom Lobon.
 82460 | Pan      | Learned a level 2 spell: Blink
 82595 | Pan      | Noticed Lom Lobon
 82606 | Pan      | Killed Lom Lobon
 82724 | Pan      | Got a magical rune of Zot
 83624 | Pan      | Noticed Qoolecw the pandemonium lord
 83633 | Pan      | Killed Qoolecw the pandemonium lord
 83665 | Pan      | Gained mutation: You are clumsy. (Dex -2) [a cacodemon]
 83729 | Pan      | Gained mutation: Potions cannot restore your health. [a
                  | cacodemon]
 84535 | Pan      | Acquired the amulet of Knowledge {Reflect rN+ SH+5}
 84596 | Pan      | Found an exit through the horrors of the Abyss.
 84985 | Pan      | Noticed Feofim the pandemonium lord
 84995 | Pan      | Killed Feofim the pandemonium lord
 85330 | Pan      | Gained mutation: You have hidden genetic defects. [a
                  | cacodemon]
 86037 | Pan      | Noticed Souror the pandemonium lord
 86044 | Pan      | Killed Souror the pandemonium lord
 86268 | Pan      | Gained mutation: You are very clumsy. (Dex -4) [a neqoxec]
 86634 | Pan      | Noticed Ystrem the pandemonium lord
 86641 | Pan      | Killed Ystrem the pandemonium lord
 86694 | Pan      | Lost intelligence.
 86694 | Pan      | Gained mutation: You are very dopey. (Int -4) [hidden
                  | defects]
 86733 | Pan      | Lost mutation: You have a pair of large horns on your head.
                  | [potion of mutation]
 86733 | Pan      | Lost mutation: Potions cannot restore your health. [potion
                  | of mutation]
 86733 | Pan      | Gained mutation: You have an increased reservoir of magic.
                  | (+10% MP) [potion of mutation]
 86734 | Pan      | Lost mutation: You are very dopey. (Int -4) [potion of
                  | mutation]
 86734 | Pan      | Lost mutation: You have hidden genetic defects. [potion of
                  | mutation]
 86734 | Pan      | Lost mutation: You are dopey. (Int -2) [potion of mutation]
 86977 | Pan      | Found an exit through the horrors of the Abyss.
 87982 | Pan      | Found an exit through the horrors of the Abyss.
 88119 | Pan      | Found a huge runed translucent gate.
 88120 | Pan      | Found a huge runed translucent gate.
 88120 | Pan      | Found a huge runed translucent gate.
 88120 | Pan      | Found a huge runed translucent gate.
 88120 | Pan      | Found a huge runed translucent gate.
 88121 | Pan      | Found a huge runed translucent gate.
 88121 | Pan      | Found a huge runed translucent gate.
 88121 | Pan      | Found a huge runed translucent gate.
 88122 | Pan      | Found a huge runed translucent gate.
 88122 | Pan      | Found a huge runed translucent gate.
 88123 | Pan      | Found a huge runed translucent gate.
 88123 | Pan      | Found a huge runed translucent gate.
 88124 | Pan      | Found a huge runed translucent gate.
 88124 | Pan      | Found a huge runed translucent gate.
 88124 | Pan      | Found a huge runed translucent gate.
 88124 | Pan      | Found a huge runed translucent gate.
 88125 | Pan      | Found a huge runed translucent gate.
 88125 | Pan      | Found a huge runed translucent gate.
 88125 | Pan      | Found a huge runed translucent gate.
 88125 | Pan      | Found a huge runed translucent gate.
 88125 | Pan      | Found a huge runed translucent gate.
 88394 | Pan      | Noticed Mayzyxkol the pandemonium lord
 88414 | Pan      | Killed Mayzyxkol the pandemonium lord
 88450 | Pan      | Identified the +9 falchion of Causality {freeze, rCorr
                  | Dex-3 Stlth+}
 88547 | Pan      | Reached skill level 27 in Dodging
 88564 | Pan      | Lost mutation: Potions are less effective at restoring your
                  | health. [a cacodemon]
 88694 | Pan      | Gained mutation: You sometimes lose your temper in combat.
                  | [a cacodemon]
 88730 | Pan      | Noticed Yvec the pandemonium lord
 88743 | Pan      | Killed Yvec the pandemonium lord
 88789 | Pan      | Found a transporter.
 88956 | Pan      | Found a transporter.
 88978 | Pan      | Identified the ring of the Briny Deep {rN+ Will++ Str+4
                  | Int+2 SInv}
 89015 | Pan      | Found an exit through the horrors of the Abyss.
 89304 | Pan      | Identified the +2 cloak of Durable the Leaf {Str-3 Dex+4}
 89358 | Pan      | Entered the realm of Gloorx Vloq.
 89359 | Pan      | Noticed Gloorx Vloq
 89960 | Pan      | Killed Gloorx Vloq
 90293 | Pan      | Got a dark rune of Zot
 90535 | Depths:3 | Escaped Pandemonium
 91323 | Geh:1    | Entered Level 1 of Gehenna
 91377 | Dis:1    | Entered Level 1 of the Iron City of Dis
 91377 | Dis:1    | Noticed an ancient lich
 91382 | Dis:1    | Killed an ancient lich
 91518 | Dis:1    | Noticed a juggernaut
 91518 | Dis:1    | Noticed an ancient lich
 91530 | Dis:1    | Killed an ancient lich
 91532 | Dis:1    | Killed a juggernaut
 91805 | Dis:1    | Noticed a juggernaut
 91814 | Dis:1    | Killed a juggernaut
 94033 | Dis:5    | Reached skill level 27 in Invocations
 94036 | Dis:5    | Reached skill level 1 in Shapeshifting
 94599 | Dis:7    | Entered Level 7 of the Iron City of Dis
 94603 | Dis:7    | Reached skill level 5 in Shapeshifting
 94910 | Dis:7    | Identified the +7 morningstar of Fortitude {flame, Fly
                  | Will- Int+3 Dex+4}
 95041 | Dis:7    | Noticed a juggernaut
 95049 | Dis:7    | Killed a juggernaut
 95942 | Dis:7    | Reached skill level 10 in Shapeshifting
 96162 | Dis:7    | Identified the amulet "Suhu" {Reflect rF- rC+++ Will++
                  | Str+2 SH+5}
 96276 | Dis:7    | Noticed a juggernaut
 96287 | Dis:7    | Killed a juggernaut
 96482 | Dis:7    | Noticed a juggernaut
 96506 | Dis:7    | Killed a juggernaut
 96931 | Dis:7    | Noticed Dispater
 96948 | Dis:7    | Killed Dispater
 96983 | Dis:7    | Found the +8 trishula "Condemnation" {holy, anguish, *Noise
                  | Fly rN+}
 96986 | Dis:7    | Found the dreamshard necklace {Acrobat *Dream}
 96986 | Dis:7    | Found the +3 Elemental Staff {ele, rElec rF+ rC+ AC+3}
 96990 | Dis:7    | Got an iron rune of Zot
 96998 | Dis:7    | Identified the +3 leather armour of the Mango {^Contam
                  | Int+7 Slay+3}
 97179 | Dis:7    | Identified the +1 leather armour of Gallantry {rCorr Str+9
                  | Int-2}
 98091 | Coc:1    | Entered Level 1 of Cocytus
 98094 | Coc:1    | Reached skill level 5 in Polearms
 98458 | Coc:2    | Reached skill level 10 in Polearms
 98464 | Coc:2    | The Shining One protects you from harm!
 99250 | Coc:4    | Reached skill level 15 in Polearms
100639 | Coc:7    | Entered Level 7 of Cocytus
100990 | Coc:7    | Paralysed by a wendigo for 1 turns
101468 | Coc:7    | Identified the +4 quarterstaff of Ulapeixi {freeze, Int+2}
101471 | Coc:7    | Identified the +1 sling "Ciqettay" {freeze, Int+4}
101933 | Coc:7    | Paralysed by a wendigo for 1 turns
102299 | Coc:7    | Noticed Antaeus
102317 | Coc:7    | Killed Antaeus
102344 | Coc:7    | Got an icy rune of Zot
102348 | Coc:7    | Identified the +1 arbalest "Napsan" {antimagic, rN+ Will+
                  | rCorr}
102693 | Tar:7    | Noticed an ancient lich
102702 | Tar:7    | Killed an ancient lich
102896 | Tar:7    | Killed Ereshkigal
102989 | Tar:7    | Got a bone rune of Zot
103166 | Tar:7    | Identified the +2 ice dragon scales of Fun and Games
                  | {^Contam Harm rF- rC++ Int+9 Dex-4}
104178 | Geh:3    | Killed from afar by a hellion

Illustrated notes

Levels and vault maps discovered:
D:1:      doesnt_arrival_eight_statues, layout_rooms, minivault_14
D:2:      layout_basic, hellmonk_ecumenical_altar_crossroads, eino_tiny_chamber
D:3:      layout_loops_cross, grunt_temple_overflow_cloverleaf,
          nicolae_elyvilon_temple_path
D:4:      minmay_door_path, layout_rooms, mainiacjoe_overflow_small_starburst,
          cheibrodos_sewer_entry_drain, minmay_misc_feat_four_crosses
D:5:      layout_layer_cave, minmay_shop_damaged,
          chequers_serial_rivers_large_b, minmay_misc_feat_rows, st_stairs_2,
          moated_statue
D:7:      layout_loops_ring, minmay_temple_entry_tees, grunt_ministairs_9,
          small_statue_alley_b, blue_anna_alchemist, corexii_hall_statues_i,
          uniq_jeremiah, uniq_crazy_yiuf_cottage
D:8:      layout_loops_ring, kennysheep_generic_room_13
D:9:      layout_loops_ring
D:10:     layout_rooms, david_lair_shrubbed, orc_david_3
D:11:     layout_basic, pond, uniq_amaemon
D:12:     layout_irregular_city
D:13:     layout_long_grid, uniq_urug
D:14:     layout_irregular_city, erik_vaults_1, hangedman_glass_teeth,
          uniq_rupert
D:15:     hellmonk_depths_entry_around_the_bend, layout_rooms,
          minmay_crystal_room, serial_glass, glass_columns_b, glass_columns_b,
          serial_bayou_lagoon_b
Temple:   nicolae_temple_superstar
Lair:1:   layout_small_grid, basic_altar, serial_bayou_shore_a
Lair:2:   layout_cave_pods, lemuel_fruit_fields, grunt_megastairs_1,
          uniq_gastronok
Lair:3:   gammafunk_boulding_lane, layout_regular_city,
          nicolae_shoals_entry_flooding, spider_nest_entry_rubble,
          gauntlet_entry_generic, infiniplex_staircase_pool,
          serial_bayou_shore_b, uniq_sonja, uniq_kirke
Lair:4:   nzn_winding_woodlands_medium [nzn_winding_woodlands_5x5_cross,
          nzn_winding_woodlands_5x15_twine,
          nzn_winding_woodlands_5x5_checkerboard,
          nzn_winding_woodlands_5x5_three,
          nzn_winding_woodlands_center_triple_pond,
          nzn_winding_woodlands_5x5_default, nzn_winding_woodlands_hourglass,
          nzn_winding_woodlands_5x15_split_checker,
          nzn_winding_woodlands_5x5_perimeter], layout_regular_city,
          dpeg_slime_entry_enclosed
Lair:5:   minmay_lair_end_enchanted_forest, layout_regular_city,
          kennysheep_abandoned_house
Shoals:1: layout_shoals, lemuel_oklob_altar, uniq_aizul
Shoals:2: layout_shoals, hangedman_shoal_volcano
Shoals:3: layout_shoals, uniq_polyphemus, uniq_ilsuiw, uniq_nikola, uniq_jorgrun
Shoals:4: shoals_end_grunt_ice, layout_shoals
Spider:1: layout_spider_delve, dreamdust_wasp_nest, uniq_josephine
Spider:2: layout_spider_delve, portal_ice_cave_entry_dragon,
          nicolae_spider_nooks_and_crannies, uniq_donald
Spider:3: layout_spider_delve
Spider:4: guppyfry_spider_rune, drop_trap, nicolae_spider_eight_legs,
          uniq_asterion
Slime:1:  layout_caves, nicolae_slime_getting_an_eyeful
Slime:2:  layout_caves
Slime:3:  layout_caves, basic_altar
Slime:4:  layout_caves
Slime:5:  slime_pit_nicolae_royal_road_to_ruin
Orc:1:    layout_caves, minmay_orc_keep
Orc:2:    grunt_orc_community_town_hall, layout_caves,
          grunt_orc_community_big_house_1, grunt_orc_community_big_house_2,
          grunt_orc_community_house_1, grunt_orc_community_house_1,
          grunt_orc_community_house_1, grunt_orc_community_house_2,
          grunt_orc_community_house_2, grunt_orc_community_house_3,
          serial_shops, nicolae_shop_rolled_up, bloody_makhleb, uniq_saint_roka
Elf:1:    eino_elf_arrival_customs, layout_loops_corners, minmay_elf_sorcery,
          nicolae_elf_crossing_hall
Elf:2:    nicolae_elf_blades_crystal_corner, layout_gridlike, david_greed
Elf:3:    elf_hall, layout_loops_ring, gammafunk_ghost_grave,
          dreamdust_princess_bridge
Vaults:1: nicolae_vaults_bisected_inception, nicolae_vaults_closet_pinwheel_4,
          nicolae_vaults_hexular_roomagon, hangedman_vaults_stretched_pinwheel,
          hangedman_vaults_impose, hangedman_vaults_corner_blocks,
          nicolae_vaults_cochlea, nicolae_vaults_steering_wheel,
          vaults_dpeg_encased_lava, nicolae_vaults_closet_pinwheel_4,
          nicolae_vaults_shelves_hall, hangedman_vaults_corner,
          nicolae_vaults_storage_closets_1, layout_vaults_big_room,
          enter_trove_2, serial_hangedman_research,
          hangedman_research_probablistics, serial_shops, shop
Vaults:2: nicolae_vaults_network_quinsquares
          [nicolae_vaults_network_quincunx_subvault,
          nicolae_vaults_network_quincunx_subvault,
          nicolae_vaults_network_quincunx_subvault,
          nicolae_vaults_network_quincunx_subvault], hangedman_vaults_hat,
          vaults_room_corners, nicolae_vaults_taking_the_gang_shopping,
          nicolae_vaults_closet_pinwheel_1, nicolae_vaults_diamond_1,
          layout_vaults_omnigrid, serial_shops, shop
Vaults:3: nicolae_vaults_ellipses_ellipsis, v_misc_12,
          nicolae_vaults_security_offices_2, nicolae_vaults_specimen_jars,
          nicolae_vaults_hallways_thing, minmay_crypt_entry_nasty_monster,
          nicolae_vaults_what_the_h, nicolae_vaults_surprise_closet,
          vaults_room_door_ring, nicolae_vaults_closet_pinwheel_1,
          ontoclasm_vaults_spin, layout_vaults_maze_snakey, uniq_margery,
          uniq_norris
Vaults:4: hangedman_vaults_stitches, gammafunk_sealed_arena,
          nicolae_vaults_cornered_office, nicolae_vaults_circle_grid_a,
          vaults_room_stairs_pillars, v_rooms_6,
          nicolae_vaults_trapezoid_layered, nicolae_vaults_ring_of_whatevers,
          nicolae_vaults_tetromino_T_2, vaults_room_grid,
          ontoclasm_vaults_hangar, nicolae_vaults_tetromino_L_2,
          layout_vaults_omnibox
Vaults:5: serial_shops
Crypt:1:  layout_rooms, grunt_crypt_arrival_split
Crypt:2:  layout_gridlike, uniq_zenata
Crypt:3:  quadcrypt_mu
Tomb:1
Depths:1: minmay_the_grid_triangle_9x9_recursive_2_mashed
          [minmay_the_grid_triangle_9x9_prize_insulated,
          minmay_the_grid_triangle_9x9_semitri,
          minmay_the_grid_triangle_9x9_skeleton,
          minmay_the_grid_triangle_9x9_alien], layout_cave_pools,
          ashenzari_altar_1, grunt_metal_band, minmay_misc_feat_encased,
          kennysheep_okawaru_gauntlet, uniq_mara
Depths:2: minmay_bloctagon_deflated, layout_cave_pools, hell_entry,
          rand_demon_pan_entry_4, abyss_entry, minmay_misc_feat_secret_circle,
          nicolae_sif_muna_little_library
Depths:3: hellmonk_paralyzer, layout_basic, enter_ziggurat_b,
          hangedman_geh_valley, minmay_strange_pillars, abyss_entry_glasseish,
          rand_demon_pan_entry_3, serial_shops, nicolae_shop_real_fake_doors,
          infiniplex_staircase_pillars_3a
Depths:4: grunt_zot_entry_bicorn, layout_honeycomb, hell_entry, tso_metal_star,
          uniq_josephina, uniq_grunn
Hell
Dis:1:    hangedman_iron_city_apartments
Dis:2:    layout_subdivisions, nicolae_hells_hurtin_island
Dis:3:    layout_subdivisions, minmay_strange_pillars
Dis:4:    layout_subdivisions
Dis:5:    layout_subdivisions, serial_glass, glass_columns_a, glass_columns_b
Dis:6:    layout_subdivisions
Dis:7:    dis_grunt_layers
Geh:1:    layout_gehenna_pools_triple
Geh:2:    layout_gehenna_pools_triple
Geh:3:    nicolae_hells_demon_pit, layout_gehenna_pools_triple
Coc:1:    layout_cocytus_water_paths
Coc:2:    layout_cocytus_delve
Coc:3:    layout_cocytus_water_paths
Coc:4:    layout_cocytus_delve
Coc:5:    layout_ice_bergs
Coc:6:    layout_ice_bergs
Coc:7:    coc_mu
Tar:1:    layout_honeycomb, nicolae_tar_just_some_guys
Tar:2:    layout_cathedral_of_symmetry
Tar:3:    layout_catacombs
Tar:4:    layout_honeycomb, nicolae_tar_cuneiform_two
Tar:5:    layout_cathedral_of_symmetry, nicolae_tar_grid_combs
Tar:6:    layout_grid_maze
Tar:7:    tar_grunt_cathedral

Skill      XL: |  1  2  3  4  5  6  7  8  9 10 11 12 13 14 15 16 17 18 19 20 21 22 23 24 25 26 27 |
---------------+----------------------------------------------------------------------------------+-----
Armour         | 5 8 11 13 14 17 18 19 20 21 24 26 27 | 27.0
Maces & Flails | 1 4 5 7 10 13 16 17 | 17.0
Fighting       | 4 7 9 11 13 14 15 17 21 24 27 | 27.0
Shields        | 6 9 11 12 15 19 22 24 25 27 | 27.0
Dodging        | 5 8 9 11 16 20 21 27 | 27.0
Invocations    | 4 6 7 8 9 10 13 18 27 | 27.0
Unarmed Combat | 1 |  1.5
Throwing       | 2 8 9 11 | 11.4
Translocations | 14 | 14.3
Spellcasting   | 13 | 13.3
Shapeshifting  | 11 | 11.8
Polearms       | 24 | 24.7
Stealth        | |  0.2
Summonings     | |  0.1
Earth Magic    | |  0.1
Evocations     | |  0.5

Action                     |  1- 3 |  4- 6 |  7- 9 | 10-12 | 13-15 | 16-18 | 19-21 | 22-24 | 25-27 || total
---------------------------+-------+-------+-------+-------+-------+-------+-------+-------+-------++-------
  Melee: Club              |   134 |    19 |       |       |       |       |       |       |       ||   153
         Headbutt          |    19 |    20 |    49 |   192 |   574 |   485 |   532 |   504 |  1320 ||  3695
         Flail             |       |    89 |       |       |   145 |       |       |       |       ||   234
         Whip              |       |    74 |   314 |   723 |  1152 |       |       |       |       ||  2263
         Eveningstar       |       |       |       |       |   394 |  1490 |  1455 |  1560 |  3824 ||  8723
         Unarmed           |       |       |       |       |     7 |       |       |       |     7 ||    14
         Trishula          |       |       |       |       |       |       |       |       |   320 ||   320
  Throw: Boomerang         |       |       |       |       |       |       |       |     3 |   233 ||   236
   Cast: Manifold Assault  |       |       |       |       |       |       |       |       |    10 ||    10
 Invoke: Divine Shield     |       |       |       |       |     3 |     3 |     6 |     2 |    18 ||    32
         Summon Divine War |       |       |       |       |     1 |     4 |     2 |     9 |    45 ||    61
         Brand Weapon With |       |       |       |       |       |     1 |       |       |       ||     1
         Cleansing Flame   |       |       |       |       |       |     1 |       |     3 |   107 ||   111
  Evoke: Wand              |       |       |     1 |     2 |     2 |     2 |       |       |    39 ||    46
    Use: Scroll            |       |     3 |     2 |    16 |    15 |     6 |    13 |     3 |    43 ||   101
         Potion            |       |       |       |     5 |     4 |     1 |     6 |     6 |    43 ||    65
 Armour: Scale mail        |   111 |   108 |    80 |   133 |       |       |       |       |       ||   432
         Chain mail        |       |       |    93 |       |       |       |       |       |       ||    93
         Crystal plate arm |       |       |       |   311 |  1031 |   962 |    78 |       |       ||  2382
         Skin              |       |       |       |       |     3 |       |       |       |     4 ||     7
         Gold dragon scale |       |       |       |       |       |       |   481 |   492 |  1565 ||  2538
  Dodge: Dodged            |    72 |    68 |    98 |   140 |   369 |   337 |   224 |   259 |   732 ||  2299
  Block: Buckler           |    65 |    39 |    70 |     5 |       |       |       |       |       ||   179
         Kite shield       |       |       |       |   241 |   916 |    57 |       |       |       ||  1214
         Tower shield      |       |       |       |       |       |  2638 |  1917 |  1868 |  4614 || 11037
         Reflection        |       |       |       |       |       |       |       |       |    47 ||    47

Table legend: (Time is in decaauts)
 A = Elapsed time spent in this place.
 B = Non-inter-level travel time spent in this place.
 C = Inter-level travel time spent in this place.
 D = Time resting spent in this place.
 E = Time spent auto-exploring this place.
 F = Levels seen in this place.
 G = Mean time per level.
                   A        B        C        D        E       F      G
               +--------+--------+--------+--------+--------+-----+--------+
         Total | 102041 |  94643 |   7398 |  15755 |  54424 | 105 |  971.8 |
       Dungeon |  16947 |  14859 |   2088 |   3396 |   8899 |  14 | 1210.5 |
        Temple |     37 |     37 |      0 |      0 |      0 |   1 |   37.0 |
          Lair |   6459 |   5541 |    918 |    453 |   3756 |   5 | 1291.8 |
        Shoals |   3974 |   3826 |    148 |    105 |   2485 |   4 |  993.5 |
   Spider Nest |   2996 |   2908 |     88 |     62 |   1883 |   4 |  749.0 |
    Slime Pits |   2831 |   2497 |    334 |    680 |    925 |   5 |  566.2 |
  Orcish Mines |   3001 |   2506 |    495 |    814 |   1024 |   2 | 1500.5 |
   Elven Halls |   4146 |   3975 |    171 |    154 |   2886 |   3 | 1382.0 |
        Vaults |   8971 |   8305 |    666 |    185 |   6550 |   5 | 1794.2 |
         Crypt |   3332 |   2813 |    519 |     59 |   2243 |   3 | 1110.7 |
          Tomb |   1140 |   1091 |     49 |    162 |    349 |   1 | 1140.0 |
        Depths |   5137 |   4511 |    626 |    698 |   2390 |   4 | 1284.2 |
          Hell |   1636 |   1132 |    504 |    299 |    549 |   1 | 1636.0 |
           Dis |   6581 |   6408 |    173 |   2715 |   2291 |   7 |  940.1 |
       Gehenna |    826 |    802 |     24 |    123 |    517 |   3 |  275.3 |
       Cocytus |   4305 |   4195 |    110 |   1578 |   1295 |   7 |  615.0 |
      Tartarus |   5339 |   4859 |    480 |   1638 |   1437 |   7 |  762.7 |
         Abyss |    968 |    968 |      0 |    100 |     78 |   4 |  242.0 |
   Pandemonium |  21995 |  21995 |      0 |   2382 |  14077 |  23 |  956.3 |
         Sewer |    912 |    912 |      0 |      0 |    665 |   1 |  912.0 |
      Ice Cave |    496 |    496 |      0 |    145 |    121 |   1 |  496.0 |
               +--------+--------+--------+--------+--------+-----+--------+

Top non-repeatable levels by time:
   Dis:7: 3357 daAuts
   Tar:7: 2660 daAuts
    D:15: 2197 daAuts
Vaults:2: 2185 daAuts
Vaults:5: 2055 daAuts
Vaults:3: 1928 daAuts
 Crypt:3: 1907 daAuts
    D:10: 1885 daAuts
   Orc:2: 1851 daAuts
   Coc:7: 1734 daAuts
    Hell: 1636 daAuts
    D:13: 1619 daAuts
  Lair:1: 1619 daAuts
   Elf:3: 1599 daAuts
 Slime:5: 1555 daAuts
